 Dungeon Crawl Stone Soup version 5.6-49-g8abd877 (webtiles) character file.

1263 Moonstruck the Cleaver (level 9, -48/85 HPs)
             Began as a Minotaur Torpor Knight on Nov 20, 2018.
             Was a High Priest of Cheibriados.
             Annihilated by an enormous slime creature (77 damage)
             ... on level 8 of the Dungeon.
             The game lasted 00:04:14 (4623 turns).

Moonstruck the Cleaver (Minotaur Torpor Knight)     Turns: 4623, Time: 00:04:15

Health: -48/85     AC: 12 (39%)Str: 32  XL:     9   Next: 80%
Magic:  0/15       EV: 12    Int: 16    God:    Cheibriados [5*[139]]
Gold:   379        SH:  0    Dex: 22    Spells: 16/16 levels left

rFire    . . .     SeeInvis .   q - +0 war axe
rCold    . . .     Faith    .   (no shield)
rNeg     . . .     Spirit   +   b - +0 plate armour {ponderous}
rPois    .         Reflect  .   (helmet restricted)
rElec    .                      (no cloak)
rCorr    +                      (no gloves)
MR       .....                  (no boots)
Stlth    ..........             w - amulet of guardian spirit
Regen    0.3/turn               u - ring of resist corrosion
MPRegen  0.3/turn               (no ring)

@: very slow
A: retaliatory headbutt, horns 2, dopey, sense surroundings, robust 1
a: Bend Time, Temporal Distortion, Slouch, Step From Time, Renounce Religion


You were on level 8 of the Dungeon.
You worshipped Cheibriados.
Cheibriados was extremely pleased with you.
You were not hungry.

You visited 1 branch of the dungeon, and saw 8 of its levels.
You also visited: Ossuary.

You collected 379 gold pieces.

Inventory:

Hand Weapons
 a - a +0 hand axe
 q - a +0 war axe (weapon)
Missiles
 k - 17 poisoned darts (quivered)
 A - 63 exploding tomahawks
Armour
 b - a +0 plate armour of ponderousness (worn)
 x - the +2 robe of Idealism {rElec MR++}
   (You found it on level 6 of the Dungeon)

   It insulates you from electricity.
   It affects your resistance to hostile enchantments.
Jewellery
 u - a ring of resist corrosion (left hand)
 w - an amulet of guardian spirit (around neck)
 y - the amulet "Oqerrag" {Regen+ Int+3}
   (You found it on level 7 of the Dungeon)

   [amulet of regeneration]

   It affects your intelligence (+3).
   It increases your rate of regeneration.
Scrolls
 d - 3 scrolls of enchant armour
 g - 3 scrolls of fog
 i - 4 scrolls of blinking
 j - 3 scrolls of fear
 l - 3 scrolls of amnesia
 m - a scroll of summoning
 n - 2 scrolls of enchant weapon
 o - 4 scrolls of teleportation
 v - 2 scrolls of immolation
Potions
 c - 3 potions of cancellation
 e - 4 potions of heal wounds
 f - a potion of ambrosia
 h - 3 potions of invisibility
 p - 6 potions of lignification
 r - 4 potions of resistance
 s - 2 potions of mutation
 t - 2 potions of augmentation
 z - a potion of flight


   Skills:
 + Level 6.8 Fighting
 * Level 10.0 Axes
 - Level 6.1 Armour
 + Level 5.5 Dodging
 * Level 3.0 Transmutations
 * Level 3.1 Earth Magic
 + Level 5.3 Invocations


You had 16 spell levels left.
You didn't know any spells.
Your spell library contained the following spells:

 Spells                   Type           Power        Failure   Level  Hunger
 Olgreb's Toxic Radiance  Hex            0 (100)      100%        5    N/A
 Summon Horrible Things   Summ           0 (200)      100%        8    N/A
 Summon Greater Demon     Summ           0 (200)      100%        7    N/A
 Shadow Creatures         Summ           N/A          100%        6    N/A
 Ensorcelled Hibernation  Hex/Ice        0 (50)       96%         2    N/A
 Silence                  Hex/Air        0 (200)      100%        4    N/A
 Shatter                  Erth           10 (200)     100%        9    N/A
 Static Discharge         Air            0 (100)      99%         3    N/A
 Monstrous Menagerie      Summ           0 (200)      100%        7    N/A
 Malign Gateway           Summ/Tloc      0 (200)      100%        7    N/A
 Tornado                  Air            0 (200)      100%        9    N/A
 Leda's Liquefaction      Hex/Erth       5 (200)      100%        4    N/A
 Summon Hydra             Summ           0 (200)      100%        7    N/A
 Darkness                 Hex            0 (200)      100%        7    N/A
 Fulminant Prism          Air            0 (200)      100%        5    N/A
 Summon Forest            Summ/Tloc      0 (200)      100%        5    N/A
 Hydra Form               Tmut           9 (200)      100%        6    N/A
 Ignition                 Fire           0 (200)      100%        8    N/A

Dungeon Overview and Level Annotations

Branches:
Dungeon (8/15)

Altars:
Cheibriados
Dithmenos
Elyvilon
Gozag
Jiyva
Kikubaaqudgha
Lugonu
Makhleb
Nemelex Xobeh
Okawaru
Qazlal
Ru
Trog
Uskayaw
Vehumet
Wu Jian
Xom
Yredelemnul
Zin
The Shining One


Innate Abilities, Weirdness & Mutations

You reflexively headbutt those who attack you in melee.
You have a pair of horns on your head.
You are dopey. (Int -5)
You passively map the area around you.
You are robust. (+10% HP)


Message History

Unknown command.
You are too injured to fight recklessly!
Unknown command.
You are too injured to fight recklessly!
Unknown command.
The flow of time bends around you.
Cheibriados rebukes the enormous slime creature.
The enormous slime creature seems to slow down.
Cheibriados lowers the support of your attributes as your movement quickens.
You aren't carrying any items that you can evoke.
The enormous slime creature closely misses you.
You furiously retaliate!
You headbutt the enormous slime creature (5).
You barely miss the enormous slime creature.
The enormous slime creature is moderately wounded.
You slice the enormous slime creature (20)!!
The enormous slime creature is moderately wounded.
The enormous slime creature hits you (82)!!!!
Ouch! That really hurt!
You die...

* . #......... ,* ,
.## #........# * *..#
#........# ,* * **#.#
##........# * ,*
...,........###
#.#########.#
#######.#
#........##.# #.#
#(######J##.## #.# *
* #@#...## #)#
***,*###..###.# #.# *
*#.....# #.# #.# * *
#.##..###.# #.# * #
#.#...## #.# ,
#.##.#########.### ,
,
,*#.##.##...........
* ,
..##.#...#.####...###
, ,.........#.# #.###


You could see an enormous slime creature.

Vanquished Creatures
  Grinder (D:5)
  Sigmund (D:4)
  A wyvern (D:7)
  A wraith (Ossuary)
  A water moccasin (D:5)
  Duvessa (D:4)
  An orc warrior (D:6)
  2 ice beasts
  7 ogres
  A blink frog skeleton (D:7)
  5 centaurs
  A bullfrog (D:6)
  Dowan (D:4)
  2 water moccasin zombies
  2 scorpions
  3 crimson imps (D:7)
  5 wights (D:7)
  A howler monkey (D:6)
  A quasit (D:6)
  A hound (D:6)
  An orc priest (D:6)
  3 jellies
  An orc wizard (D:6)
  4 worker ants
  A big kobold zombie (Ossuary)
  3 mummies (Ossuary)
  7 adders
  6 gnolls (D:3)
  2 shadow imps
  2 adder skeletons (D:4)
  3 dart slugs
  8 orcs
  10 quokkas
  3 ball pythons
  A giant cockroach (D:1)
  6 hobgoblins
  8 jackals
  6 kobolds
  10 bats
  2 frilled lizards
  2 gnoll zombies (Ossuary)
  7 goblins
  A goblin skeleton (D:6)
  6 goblin zombies
  4 hobgoblin zombies
  A jackal zombie (D:5)
  A kobold skeleton (D:6)
  2 kobold zombies (Ossuary)
  An orc skeleton (D:6)
  An orc zombie (D:6)
  2 quokka skeletons (D:4)
  6 rats
160 creatures vanquished.

Vanquished Creatures (others)
  A worker ant zombie (D:5)
1 creature vanquished.

Grand Total: 161 creatures vanquished

Notes
Turn   | Place    | Note
-------+----------+-------------------------------------------
     0 | D:1      | Moonstruck the Minotaur Torpor Knight began the quest for the Orb.
     0 | D:1      | Reached XP level 1. HP: 18/18 MP: 1/1
    61 | D:1      | Reached XP level 2. HP: 20/25 MP: 2/2
    64 | D:1      | Reached skill level 4 in Axes
   100 | D:1      | Reached ** piety under Cheibriados
   103 | D:1      | Found an iron altar of Okawaru.
   182 | D:1      | Gained mutation: You are robust. (+10% HP) [mutagenic hatch]
   185 | D:2      | Found a snail-covered altar of Cheibriados.
   186 | D:2      | Found an ancient bone altar of Kikubaaqudgha.
   193 | D:2      | Reached XP level 3. HP: 28/33 MP: 4/4
   276 | D:2      | Found a hide-covered altar of Uskayaw.
   361 | D:2      | Found a radiant altar of Vehumet.
   451 | D:2      | Reached XP level 4. HP: 41/41 MP: 6/6
   467 | D:2      | Found a faded altar of an unknown god.
   584 | D:2      | Found a shimmering altar of Xom.
   586 | D:2      | Found a stormy altar of Qazlal.
   757 | D:3      | Reached *** piety under Cheibriados
   854 | D:3      | Noticed an ogre
   855 | D:3      | Found a corrupted altar of Lugonu.
   858 | D:3      | Killed an ogre
   858 | D:3      | Reached skill level 5 in Axes
   858 | D:3      | Reached XP level 5. HP: 33/49 MP: 7/7
   932 | D:3      | HP: 2/49 [poisoned by a kobold]
   937 | D:3      | Reached XP level 6. HP: 1/56 MP: 9/9
   980 | D:3      | HP: 2/56 [poisoned by a worker ant]
   984 | D:3      | Reached skill level 6 in Axes
   985 | D:3      | HP: 1/56 [poisoned by a worker ant]
  1387 | D:3      | Gained mutation: You passively map the area around you. [mutagenic hatch]
  1417 | D:4      | Found a glowing silver altar of Zin.
  1743 | D:4      | Noticed Dowan
  1743 | D:4      | Noticed Duvessa
  1749 | D:4      | Killed Duvessa
  1756 | D:4      | Killed Dowan
  1756 | D:4      | Reached XP level 7. HP: 56/64 MP: 11/11
  1818 | D:4      | Reached **** piety under Cheibriados
  1856 | D:4      | Noticed Sigmund
  1862 | D:4      | Killed Sigmund
  1862 | D:4      | Reached skill level 7 in Axes
  2131 | D:5      | Entered Level 5 of the Dungeon
  2174 | D:5      | Found a shadowy altar of Dithmenos.
  2198 | D:5      | Noticed Grinder
  2200 | D:5      | Paralysed by Grinder for 7 turns
  2208 | D:5      | Reached skill level 5 in Fighting
  2208 | D:5      | Reached skill level 5 in Armour
  2208 | D:5      | Reached XP level 8. HP: 10/74 MP: 9/13
  2213 | D:5      | Killed Grinder
  2213 | D:5      | Reached skill level 8 in Axes
  2264 | D:5      | Found a sand-covered staircase.
  2269 | Ossuary  | Entered an ossuary
  2657 | D:5      | Found an opulent altar of Gozag.
  2708 | D:5      | Found a sacrificial altar of Ru.
  2919 | D:5      | Found an ornate altar of the Wu Jian Council.
  2941 | D:5      | Reached skill level 1 in Earth Magic
  3313 | D:6      | Found a white marble altar of Elyvilon.
  3317 | D:6      | Reached skill level 9 in Axes
  3331 | D:6      | Reached XP level 9. HP: 77/82 MP: 15/15
  3352 | D:6      | Found a viscous altar of Jiyva.
  3373 | D:6      | Got the +2 robe of Idealism {rElec MR++}
  3436 | D:6      | Reached ***** piety under Cheibriados
  3436 | D:6      | Reached skill level 1 in Transmutations
  3475 | D:6      | Reached skill level 5 in Dodging
  3483 | D:6      | Reached skill level 5 in Invocations
  3643 | D:6      | Found a glowing golden altar of the Shining One.
  3738 | D:6      | Found a burning altar of Makhleb.
  3976 | D:7      | Found a shadowy altar of Dithmenos.
  4033 | D:7      | Found a sparkling altar of Nemelex Xobeh.
  4076 | D:7      | Got the amulet "Oqerrag" {Regen+ Int+3}
  4349 | D:7      | Found a basalt altar of Yredelemnul.
  4372 | D:7      | Found a bloodstained altar of Trog.
  4398 | D:7      | Gained mutation: You are dopey. (Int -5) [mutagenic hatch]
  4465 | D:8      | Reached skill level 10 in Axes
  4623 | D:8      | Annihilated by an enormous slime creature

Skill      XL: |  1  2  3  4  5  6  7  8  9 |
---------------+----------------------------+-----
Axes           | 4 5 6 7 9 10 | 10.0
Invocations    | 2 3 4 5 |  5.3
Fighting       | 3 4 5 6 |  6.8
Armour         | 3 4 5 6 |  6.1
Dodging        | 2 3 4 5 |  5.5
Earth Magic    | 1 3 |  3.1
Transmutations | 3 |  3.0

Action                   |  1- 3 |  4- 6 |  7- 9 || total
-------------------------+-------+-------+-------++-------
Melee: Hand axe          |    67 |    57 |       ||   124
       Headbutt          |     8 |    28 |    65 ||   101
       War axe           |       |    29 |   190 ||   219
Throw: Poisoned dart     |       |     3 |     3 ||     6
Invok: Slouch            |       |       |     2 ||     2
       Bend Time         |       |       |     1 ||     1
  Use: Scroll            |       |       |     1 ||     1
Armor: Plate armour      |    58 |    60 |    97 ||   215
Dodge: Dodged            |    24 |    42 |   128 ||   194
